 Dungeon Crawl Stone Soup version 0.28.0-53-g5a82cb258f (webtiles) character file.

Game seed: 12486386825135619676

4981 DuloT34 the Frost Mage (level 10, -7/64 HPs)
             Began as a Gargoyle Ice Elementalist on June 9, 2022.
             Was a Follower of Vehumet.
             Mangled by an orc knight
             ... wielding a +0 glaive
              (44 damage)
             ... in a bailey.
             The game lasted 00:32:20 (11950 turns).

DuloT34 the Frost Mage (Gargoyle Ice Elementalist) Turns: 11950, Time: 00:32:20

Health: -7/64      AC: 29    Str: 18    XL:     10   Next: 53%
Magic:  7/20       EV: 12    Int: 20    God:    Vehumet [*.....]
Gold:   412        SH:  0    Dex: 10    Spells: 9/23 levels left

rFire   . . .      SeeInvis .   l - +2 short sword (drain)
rCold   . . .      Faith    .   (no shield)
rNeg    + . .      Spirit   .   t - +1 steam dragon scales
rPois   ∞          Reflect  .   (no helmet)
rElec   +          Harm     .   A - +2 cloak
rCorr   .          Rampage  .   (no gloves)
Will    +....                   m - +1 pair of boots
Stlth   ++........              (no amulet)
HPRegen 0.20/turn               h - ring of willpower
MPRegen 0.17/turn               E - +6 ring of strength

@: ice-armoured, freezing walls, very slightly contaminated
A: sickness immunity, AC +7, negative energy resistance 1, electricity
resistance, torment resistance 1, petrification resistance
a: Renounce Religion


You were in a bailey.
You worshipped Vehumet.
Vehumet was aware of your devotion.
You visited 2 branches of the dungeon, and saw 9 of its levels.
You also visited: Sewer and Bailey.

You collected 412 gold pieces.

Inventory:

Hand Weapons
 b - a +1 dagger of venom
 l - a +2 short sword of draining (weapon)
 v - a +2 trident of protection
Missiles
 C - a throwing net
Armour
 a - a +0 robe
 m - a +1 pair of boots (worn)
 n - a +1 cloak
 t - +1 steam dragon scales (worn)
 A - a +2 cloak (worn)
 D - a +0 kite shield
Jewellery
 e - an amulet of magic regeneration
 f - a ring of positive energy
 h - a ring of willpower (left hand)
 y - a ring of see invisible
 E - a +6 ring of strength (right hand)
Wands
 F - a wand of flame (8)
 G - a wand of digging (2)
 H - a wand of polymorph (7)
Scrolls
 d - 4 scrolls of teleportation
 g - a scroll of fear
 k - 2 scrolls of enchant weapon
 p - a scroll of fog
 q - a scroll of holy word
 r - 3 scrolls of blinking
Potions
 c - 4 potions of heal wounds
 i - 2 potions of attraction
 j - 3 potions of brilliance
 o - 7 potions of flight
 s - a potion of lignification
 u - a potion of cancellation {unknown}
 w - 6 potions of curing
 x - 3 potions of haste {unknown}
 z - 3 potions of resistance
 B - 3 potions of mutation
 I - 2 potions of magic {unknown}
 J - a potion of invisibility {unknown}


   Skills:
 + Level 8.3 Fighting
 + Level 8.3 Armour
 - Level 1.6 Dodging
 - Level 2.1 Stealth
 + Level 7.2 Spellcasting
 + Level 8.7 Ice Magic


You had 9 spell levels left.
You knew the following spells:

 Your Spells              Type           Power      Damage    Failure   Level
a - Freeze                Ice            100%       1d11      1%          1
b - Frozen Ramparts       Ice            84%        1d10      1%          3
c - Ozocubu's Armour      Ice            42%        N/A       1%          3
d - Hailstorm             Conj/Ice       24%        3d7       16%         4
e - Mephitic Cloud        Conj/Pois/Air  7%         N/A       28%         3

Your spell library contained the following spells:

 Spells                   Type           Power      Damage    Failure   Level
 Shock                    Conj/Air       28%        1d4       10%         1
 Corpse Rot               Necr/Air       14%        N/A       14%         2
 Lightning Bolt           Conj/Air       3%         1d15      95%         5
 Shatter                  Erth           3%         3d7*      100%        9


Dungeon Overview and Level Annotations

Branches:
Dungeon (8/15)             Temple (1/1) D:7           Sewer (visited)
 Bailey (1/1)
   Lair: D:8-11

Altars:
Ashenzari
Cheibriados
Dithmenos
Fedhas
Gozag
Hepliaklqana
Kikubaaqudgha
Makhleb
Nemelex Xobeh
Qazlal
Ru
Sif Muna
Trog
Uskayaw
Vehumet
Wu Jian
Yredelemnul
Zin
The Shining One

Annotations:
D:6 1 runed translucent door, SamuraiZach's ghost, novice TrMo


Innate Abilities, Weirdness & Mutations

You are immune to sickness and miasma.
Your stone body is resilient. (AC +7)
You are immune to poison.
You resist negative energy. (rN+)
You are resistant to electric shocks. (rElec)
You are resistant to unholy torment.
You are immune to petrification.


Message History

The wall freezes the orc knight.
The orc knight hits you from afar with a +0 glaive.
Casting: Frozen Ramparts (safe; 1% risk of failure)
Confirm with . or Enter, or press ? or * to list all spells.
A film of ice covers your body!
The wall freezes the orc knight.
The orc knight hits you from afar with a +0 glaive.
Casting: Ozocubu's Armour (safe; 1% risk of failure)
Confirm with . or Enter, or press ? or * to list all spells.
Casting: Hailstorm (dangerous; 16% risk of failure)
Press: ? - help, Dir - look around, f - activate A cannonade of hail descends around you!
The hail pelts the orc knight!
The orc knight is moderately wounded.
The wall freezes the orc knight!
The orc knight hits you but does no damage.
Casting: Hailstorm (dangerous; 16% risk of failure)
Confirm with . or Enter, or press ? or * to list all spells.
Casting: Hailstorm (dangerous; 16% risk of failure)
Press: ? - help, Dir - look around, f - activate You miscast Hailstorm.
You are very lightly contaminated with residual magic.
Nothing appears to happen.
An orc knight comes into view. It is wielding a +0 glaive.
The wall freezes the orc knight!
The orc knight closely misses you.
Okay, then.
Okay, then.
Okay, then.
The orc knight shouts!
The orc knight roars a battlecry!
The orc knight goes into a battle-frenzy!
The wall freezes the orc knight.
The orc knight hits you from afar with a +0 glaive!!
Aiming: Throw Flame
Press: ? - help, Shift-Dir - straight line, f - orc knight
Aim: an orc knight, wielding a +0 glaive and wearing a +0 chain mail (heavily wounded, strong, 64% to hit)
The puff of flame misses the orc knight.
The wall freezes the orc knight.
The orc knight hits you from afar with a +0 glaive!!!
Ouch! That really hurt!
You die...

# ####### ############
#########.....## ##........∩.#
.#.....#....)).######.....#.)....
.'.....'..o##..#....#....###)....
.'.....'.)).8.o'@...'.....8.....∩
.'.....'..)##).#....#...)###)....
.#.....#..).)).######.....#.)....
#########..)..## ##........∩.# #
####### ############


You could see 2 orc knights.

Vanquished Creatures
  Pikel (D:6)
  An orc knight (Bailey)
  Joseph (D:7)
  A wyvern (D:8)
  Eustachio (D:5)
  3 steam dragons
  Duvessa (D:7)
  8 orc warriors
  A black bear (D:7)
  2 centaurs
  4 lemures (D:6)
  2 kobold brigands
  3 bullfrogs
  A wyvern zombie (D:5)
  5 scorpions
  A water moccasin skeleton (D:7)
  Dowan (D:7)
  2 howler monkeys (D:7)
  A centaur zombie (D:8)
  3 jellies (D:5)
  A bullfrog skeleton (D:7)
  5 orc priests
  3 gnoll shamans
  4 iguanas
  Natasha (thrice) (D:4)
  2 orc wizards
  A hound skeleton (D:4)
  Robin (D:4)
  8 adders
  12 gnolls
  3 river rats (Sewer)
  An ufetubus (D:3)
  2 worms (Sewer)
  11 dart slugs
  49 orcs
  10 ball pythons
  4 endoplasms
  2 giant cockroaches (D:4)
  16 goblins
  8 hobgoblins
  7 jackals
  12 quokkas
  13 bats
  6 frilled lizards
  20 kobolds
  4 rats
251 creatures vanquished.

Vanquished Creatures (collateral kills)
  A howler monkey skeleton (D:7)
1 creature vanquished.

Grand Total: 252 creatures vanquished

Notes
Turn   | Place    | Note
-------+----------+-------------------------------------------
     0 | D:1      | DuloT34 the Gargoyle Ice Elementalist began the quest for
                  | the Orb.
     0 | D:1      | Reached XP level 1. HP: 10/10 MP: 3/3
   265 | D:1      | Reached XP level 2. HP: 14/15 MP: 5/5
  1008 | D:1      | Found a faded altar of an unknown god.
  1027 | D:1      | Reached skill level 1 in Armour
  1032 | D:1      | Reached XP level 3. HP: 12/20 MP: 6/6
  1453 | D:2      | Reached skill level 1 in Fighting
  2764 | D:2      | Reached XP level 4. HP: 15/26 MP: 2/8
  2819 | D:2      | Learned a level 3 spell: Frozen Ramparts
  2823 | D:2      | Learned a level 3 spell: Ozocubu's Armour
  3450 | D:3      | Reached XP level 5. HP: 20/30 MP: 9/9
  4163 | D:4      | Found a glowing drain.
  4191 | Sewer    | Entered a sewer
  4563 | Sewer    | Reached XP level 6. HP: 36/36 MP: 3/10
  5152 | D:4      | Noticed a steam dragon
  5163 | D:4      | Killed a steam dragon
  5164 | D:4      | Reached skill level 5 in Ice Magic
  5409 | D:4      | Noticed Natasha
  5413 | D:4      | Killed Natasha
  5414 | D:4      | Reached XP level 7. HP: 41/41 MP: 5/12
  5501 | D:4      | Noticed Natasha
  5505 | D:4      | Killed Natasha
  5716 | D:4      | Noticed Robin
  5730 | D:4      | Killed Robin
  6016 | D:4      | Noticed Natasha
  6027 | D:4      | Killed Natasha
  6231 | D:5      | Entered Level 5 of the Dungeon
  6266 | D:5      | Reached XP level 8. HP: 48/48 MP: 8/14
  6307 | D:5      | Learned a level 4 spell: Hailstorm
  6970 | D:5      | Noticed Eustachio
  7039 | D:5      | Found a stormy altar of Qazlal.
  7076 | D:5      | Killed Eustachio
  7077 | D:5      | Reached skill level 5 in Fighting
  7077 | D:5      | Reached skill level 5 in Armour
  7692 | D:5      | Reached skill level 5 in Spellcasting
  8557 | D:6      | Reached XP level 9. HP: 55/55 MP: 17/17
  8793 | D:6      | Noticed Pikel
  8825 | D:6      | Killed Pikel
  9116 | D:6      | Found a runed translucent door.
  9117 | D:6      | Noticed SamuraiZach's ghost (novice TrMo)
  9296 | D:7      | Noticed Duvessa
  9319 | D:7      | Noticed Dowan
  9322 | D:7      | Killed Duvessa
  9339 | D:7      | Killed Dowan
  9903 | D:7      | Found a staircase to the Ecumenical Temple.
  9909 | Temple   | Entered the Ecumenical Temple
 10229 | Temple   | Became a worshipper of Vehumet
 10362 | D:7      | Reached XP level 10. HP: 32/63 MP: 11/19
 10759 | D:7      | Noticed Joseph
 10781 | D:7      | Killed Joseph
 11309 | D:8      | Found a flagged portal.
 11322 | D:8      | Got Eteerela's Guide on the Rocks and Weightlessness
 11327 | D:8      | Learned a level 3 spell: Mephitic Cloud
 11352 | Bailey   | Entered a bailey
 11366 | Bailey   | Reached * piety under Vehumet
 11366 | Bailey   | Offered knowledge of Shock by Vehumet.
 11517 | Bailey   | Noticed an orc knight
 11567 | Bailey   | Killed an orc knight
 11833 | Bailey   | Noticed an orc knight
 11948 | Bailey   | Noticed an orc knight
 11950 | Bailey   | Mangled by an orc knight

Illustrated notes

Levels and vault maps discovered:
D:1:      dpeg_arrival_erosion, layout_loops_ring,
          ebering_ecumenical_altar_petrified, nrook_uturn
D:2:      layout_rooms
D:3:      kennysheep_slugbush, layout_loops_ring
D:4:      layout_loops_ring, portal_sewer_entry_f, uniq_natasha, uniq_robin
D:5:      layout_basic, grunt_qazlal_sundering, uniq_eustachio
D:6:      layout_basic, ebering_ghost_reflecting_pool, minmay_misc_feat_rows,
          uniq_pikel
D:7:      layout_basic, minmay_temple_entry_enclosed_plants, uniq_joseph,
          uniq_duvessa
D:8:      layout_basic, enter_bailey_3
Temple:   hc_temple_tempest_star
Bailey:   bailey_polearm_5, bailey

Skill      XL: |  1  2  3  4  5  6  7  8  9 10 |
---------------+-------------------------------+-----
Armour         | 1 2 3 4 5 7 8 |  8.3
Fighting       | 1 2 3 4 5 7 8 |  8.3
Spellcasting   | 3 4 5 6 7 |  7.2
Ice Magic      | 5 6 8 |  8.7
Dodging        | |  1.6
Stealth        | |  2.1

Action                   |  1- 3 |  4- 6 |  7- 9 | 10-12 || total
-------------------------+-------+-------+-------+-------++-------
Melee: Dagger            |    84 |    47 |       |       ||   131
       Punch             |     1 |       |     3 |     2 ||     6
       Short sword       |       |   102 |   299 |    70 ||   471
 Cast: Freeze            |    17 |     2 |       |       ||    19
       Frozen Ramparts   |       |     9 |    37 |    18 ||    64
       Ozocubu's Armour  |       |     8 |    24 |    14 ||    46
       Hailstorm         |       |       |       |     5 ||     5
Evoke: Wand              |       |       |     1 |     1 ||     2
  Use: Scroll            |     5 |       |    14 |       ||    19
       Potion            |       |       |       |     1 ||     1
 Stab: Sleeping          |     6 |     3 |     1 |     1 ||    11
       Distracted        |     1 |       |       |       ||     1
Armor: Robe              |    39 |    64 |       |       ||   103
       Steam dragon scal |       |     6 |   182 |    64 ||   252
Dodge: Dodged            |    73 |   129 |   217 |    79 ||   498
